 Dungeon Crawl Stone Soup version 0.20.0-7-g3b7b877 (webtiles) character file.

105 zhorgal the Gusty (level 4, 0/24 HPs)
             Began as a Tengu Air Elementalist on May 29, 2017.
             Killed from afar by an orc wizard (10 damage)
             ... with a puff of frost
             ... on level 3 of the Dungeon.
             The game lasted 00:07:27 (2347 turns).

zhorgal the Gusty (Tengu Air Elementalist)          Turns: 2347, Time: 00:07:27

Health: 0/24       AC:  2    Str:  8    XL:     4   Next: 83%
Magic:  3/8        EV: 12    Int: 17    God:
Gold:   102        SH:  0    Dex: 14    Spells: 3/7 levels left

rFire    . . .     SeeInvis .   g - +0 spear
rCold    . . .     Gourm    .   (no shield)
rNeg     . . .     Faith    .   a - +0 robe
rPois    .         Spirit   .   (helmet restricted)
rElec    .         Reflect  .   (no cloak)
rCorr    .         Harm     .   (no gloves)
MR       .....                  (boots unavailable)
Stlth    ++........             (no amulet)
Regen    0.1/turn               (no ring)
MPRegen  0.2/turn               (no ring)

@: no status effects
A: beak, talons 3
a: no special abilities


You were on level 3 of the Dungeon.
You were not hungry.

You visited 1 branch of the dungeon, and saw 3 of its levels.

You collected 102 gold pieces.

Inventory:

Hand Weapons
 g - a +0 spear (weapon)
 o - a +0 vampiric spear
Missiles
 l - 90 stones (quivered)
Armour
 a - a +0 robe (worn)
 h - a +0 scale mail of cold resistance
 i - a +0 large shield
Jewellery
 f - an uncursed amulet of faith {unknown}
Scrolls
 e - a scroll of enchant armour {unknown}
 n - a scroll of identify {unknown}
 r - a scroll of noise {unknown}
Potions
 j - a potion of resistance {unknown}
 k - a potion of invisibility {unknown}
 q - a potion of curing {unknown}
Books
 b - a book of Air

   Spells                             Type                      Level
   a - Shock                          Conjuration/Air              1
   b - Swiftness                      Charms/Air                   2
   c - Static Discharge               Conjuration/Air              3
   d - Airstrike                      Air                          4
   e - Lightning Bolt                 Conjuration/Air              5
Comestibles
 c - a bread ration
 d - 2 royal jellies
 m - 2 fruits
 p - 3 chunks of flesh


   Skills:
 + Level 0.2 Fighting
 - Level 2.1 Dodging
 - Level 2.0 Stealth
 + Level 2.0 Spellcasting
 + Level 4.1 Conjurations
 + Level 5.7 Air Magic


You had 3 spell levels left.
You knew the following spells:

 Your Spells              Type           Power        Failure   Level  Hunger
a - Shock                 Conj/Air       ###.         2%          1    #......
b - Static Discharge      Conj/Air       ###.....     8%          3    ###....


Dungeon Overview and Level Annotations

Branches:
Dungeon (3/15)

Altars:
Nemelex Xobeh


Innate Abilities, Weirdness & Mutations

You have a beak for a mouth.
You have claws for feet.


Message History

Aim: an orc, wielding a mace and wearing a chain mail (lightly wounded)
Okay, then.
Casting: Shock
Confirm with . or Enter, or press ? or * to list all spells.
Aiming: Shock
Press: ? - help, Shift-Dir - straight line, f - orc wizard
Aim: an orc wizard, wielding a dagger and wearing a robe (moderately wounded)
The zap hits the orc wizard.
The orc wizard is severely wounded.
The zap hits the orc wizard.
The orc wizard is almost dead.
Casting: Shock
Confirm with . or Enter, or press ? or * to list all spells.
Aiming: Shock
Press: ? - help, Shift-Dir - straight line, f/p - orc wizard
Aim: an orc wizard, wielding a dagger and wearing a robe (almost dead)
The zap misses the orc wizard.
The orc wizard gestures at you while chanting.
The puff of frost hits you!
You die...

#####..... #........ #
......#.###.## ###.##..#.... ..
....##.....##.#.# #..#
#.#.###.#.## #..###..........#
..# #............#..### ..#
##.#######.#....@..# ...# ...##
#.#.......# ...# .<.#...
#.#..#.#..######...###
#.##.....#.#..#...o#...........
#.##.....).......#>o..o........
#.##.[...###.......#.)o..).....
..##..... #####.########...###
######## #.# ..# #.# .#


You could see an orc wizard and an orc.

Vanquished Creatures
  4 gnolls (D:2)
  An adder (D:2)
  An ooze (D:1)
  2 worms (D:2)
  2 dart slugs (D:1)
  3 orcs (D:3)
  3 giant cockroaches
  7 goblins
  6 hobgoblins
  5 bats
  2 frilled lizards
  4 kobolds
  3 rats
43 creatures vanquished.

Notes
Turn   | Place    | Note
-------+----------+-------------------------------------------
     0 | D:1      | zhorgal the Tengu Air Elementalist began the quest for the Orb.
     0 | D:1      | Reached XP level 1. HP: 10/10 MP: 4/4
   287 | D:1      | Reached XP level 2. HP: 12/15 MP: 3/6
  1175 | D:1      | Reached XP level 3. HP: 18/19 MP: 7/7
  1447 | D:2      | Reached skill level 5 in Air Magic
  1448 | D:2      | Reached XP level 4. HP: 24/24 MP: 1/8
  1692 | D:2      | Learned a level 3 spell: Static Discharge
  2040 | D:2      | Found a sparkling altar of Nemelex Xobeh.
  2347 | D:3      | Killed from afar by an orc wizard

Skill      XL: |  1  2  3  4 |
---------------+-------------+-----
Conjurations   | 2 3 4 |  4.1
Air Magic      | 5 |  5.7
Fighting       | |  0.2
Dodging        | |  2.1
Stealth        | |  2.0
Spellcasting   | |  2.0

Action                   |  1- 3 |  4- 6 || total
-------------------------+-------+-------++-------
Melee: Spear             |    23 |     8 ||    31
       Unarmed           |     4 |       ||     4
       Kick              |     3 |     1 ||     4
       Peck              |     4 |       ||     4
 Cast: Shock             |    28 |    39 ||    67
 Stab: Sleeping          |     3 |     1 ||     4
  Eat: Chunk             |     1 |     4 ||     5
Armor: Robe              |    10 |     1 ||    11
Dodge: Dodged            |    23 |     3 ||    26
